 Dungeon Crawl Stone Soup version 0.23-a0-650-ga4d50d4 (webtiles) character file.

455 Nothus the Stinger (level 7, -2/57 HPs)
             Began as a Naga Transmuter on Jan 4, 2019.
             Killed from afar by Natasha (10 damage)
             ... with a magic dart
             ... on level 3 of the Dungeon.
             The game lasted 00:22:43 (4219 turns).

Nothus the Stinger (Naga Transmuter)                Turns: 4219, Time: 00:22:43

Health: -2/57      AC:  2    Str: 12    XL:     7   Next: 5%
Magic:  19/19      EV: 19    Int: 16    God:
Gold:   242        SH:  0    Dex: 16    Spells: 2/10 levels left

rFire    . . .     SeeInvis +     - Unarmed
rCold    . . .     Gourm    .   (shield currently unavailable)
rNeg     . . .     Faith    .   (armour currently unavailable)
rPois    x         Spirit   .   (helmet currently unavailable)
rElec    .         Reflect  .   (cloak currently unavailable)
rCorr    .         Harm     .   (gloves currently unavailable)
MR       .....                  (no barding)
Stlth    ++........             (no amulet)
HPRegen  0.19/turn              k - ring of flight
MPRegen  0.16/turn              m - ring of magical power

@: spider-form (expiring)
A: tiny, see invisible, slow metabolism 1, spit poison 1, AC +2
a: Spit Poison, End Transformation, Evoke Flight


You were on level 3 of the Dungeon.
You were hungry.
You were a venomous arachnid creature.
You visited 1 branch of the dungeon, and saw 4 of its levels.
You also visited: Sewer.

You collected 242 gold pieces.

Inventory:

Hand Weapons
 s - a +0 hunting sling
Missiles
 a - 23 arrows
Armour
 b - a +0 robe
 p - a +0 leather armour
Jewellery
 k - a ring of flight (left front leg)
 m - a ring of magical power (right front leg)
Scrolls
 e - 5 scrolls of remove curse
 f - a scroll of enchant weapon
 i - 2 scrolls of amnesia
 l - 7 scrolls of identify
 r - a scroll of noise {unknown}
Potions
 c - 2 potions of curing
 g - 3 potions of degeneration
 h - a potion of might {unknown}
 j - a potion of mutation {unknown}
 o - a potion of heal wounds {unknown}
 q - a potion of magic {unknown}
Comestibles
 d - 7 rations
 n - 3 chunks of flesh


   Skills:
 - Level 1.0 Fighting
 - Level 1.5 Dodging
 - Level 1.1 Stealth
 - Level 3.0 Unarmed Combat
 - Level 2.0 Spellcasting
 - Level 5.0 Transmutations
 + Level 6.7 Poison Magic


You had 2 spell levels left.
You knew the following spells:

 Your Spells              Type           Power        Failure   Level  Hunger
a - Beastly Appendage     Tmut           ###...       10%         1    #......
b - Sticks to Snakes      Tmut           ###.....     13%         2    ###....
c - Spider Form           Tmut/Pois      ###.......   16%         3    ###....
d - Blink                 Tloc           N/A          52%         2    ###....

Your spell library contained the following spells:

 Spells                   Type           Power        Failure   Level  Hunger
 Magic Dart               Conj           #...         41%         1    #......
 Call Imp                 Summ           #.......     52%         2    ###....
 Slow                     Hex            #.......     52%         2    ###....
 Mephitic Cloud           Conj/Pois/Air  #.......     45%         3    ###....
 Conjure Flame            Conj/Fire      #.......     73%         3    ###....
 Ice Form                 Ice/Tmut       #.......     78%         4    #####..
 Blade Hands              Tmut           ###.......   78%         5    ######.


Dungeon Overview and Level Annotations

Branches:
Dungeon (4/15)
 Temple: D:4-7

Altars:
Makhleb
Vehumet

Annotations:
D:3 Natasha
D:4 Grinder, Menkaure


Innate Abilities, Weirdness & Mutations

You cannot wear boots.
((Your serpentine skin is tough. (AC +2)))
You have supernaturally acute eyesight. (SInv)
((Armour fits poorly on your strangely shaped body.))
((Your system is resistant to poisons. (rPois)))
((You cover ground very slowly.))
You have a slow metabolism.
You can spit poison.


Message History

There is a stone staircase leading down here.
You take 2 damage, and have 20/57 hp.
You barely miss Natasha. Natasha claws you.
* * * LOW HITPOINT WARNING * * *
The goblin completely misses you.
You take 6 damage, and have 14/57 hp.
You completely miss Natasha. Natasha closely misses you.
The goblin barely misses you.
You barely miss Natasha. Natasha casts a spell at you. The magic dart hits you!
* * * LOW HITPOINT WARNING * * *
The goblin misses you.
You take 7 damage, and have 8/57 hp.
MP restored: 19 You hit Natasha.
Natasha is poisoned.
Natasha is lightly wounded.
Natasha casts a spell at you. The magic dart hits you!
You die...

#.#.####.#.# #.#....#.#.####
#.#......#..<.#
#.#......#..#.#######
##.#.........#.......#
#....#.##.##.#.......#
#......##†##g#.......#
#...#####.##g#.......# #...#
#.##s#.......### #...#
#.##h#.......'.######
#...#####.##g##......#.#.....
#............##...÷..#.#.....
#.........############.#.....
#.........# #........#.#.....
#.........# #.######.#.'.....
#.........# #.# #.###.....
####......# #.# #....#####


You could see Natasha and 3 goblins.

Vanquished Creatures
  A crocodile (Sewer)
  A howler monkey (D:4)
  Jessica (D:1)
  Natasha (D:4)
  An iguana (D:4)
  2 worker ants (D:4)
  2 river rats (D:3)
  6 adders
  3 oozes
  3 worms
  3 dart slugs
  5 leopard geckos
  3 orcs (D:3)
  A ball python (D:3)
  4 giant cockroaches
  10 goblins
  10 hobgoblins
  7 jackals
  11 kobolds
  2 quokkas
  7 bats
  4 frilled lizards
  7 rats
95 creatures vanquished.

Vanquished Creatures (collateral kills)
  A crimson imp (D:2)
  A goblin (D:4)
  2 jackals (D:2)
  A rat (D:3)
5 creatures vanquished.

Grand Total: 100 creatures vanquished

Notes
Turn   | Place    | Note
-------+----------+-------------------------------------------
     0 | D:1      | Nothus the Naga Transmuter began the quest for the Orb.
     0 | D:1      | Reached XP level 1. HP: 18/18 MP: 3/3
   326 | D:1      | Reached XP level 2. HP: 25/25 MP: 3/5
   466 | D:1      | You fall through a shaft!
   471 | D:2      | Noticed Jessica
   731 | D:1      | Killed Jessica
   731 | D:1      | Reached skill level 1 in Stealth
   731 | D:1      | Reached XP level 3. HP: 7/31 MP: 6/6
  1477 | D:1      | Reached XP level 4. HP: 22/38 MP: 5/7
  1728 | D:2      | Learned a level 2 spell: Sticks to Snakes
  1732 | D:2      | Learned a level 3 spell: Spider Form
  2079 | D:2      | Found a burning altar of Makhleb.
  2166 | D:2      | Reached XP level 5. HP: 21/44 MP: 8/8
  2441 | D:2      | Reached skill level 5 in Transmutations
  2507 | D:2      | Reached skill level 1 in Poison Magic
  2567 | D:2      | Found a radiant altar of Vehumet.
  2918 | D:3      | Found a glowing drain.
  2931 | D:3      | Reached skill level 2 in Poison Magic
  3020 | Sewer    | Entered a sewer
  3174 | Sewer    | Noticed a crocodile
  3186 | Sewer    | Killed a crocodile
  3186 | Sewer    | Reached skill level 4 in Poison Magic
  3186 | Sewer    | Reached XP level 6. HP: 36/51 MP: 9/9
  3665 | D:3      | Reached skill level 5 in Poison Magic
  4024 | D:3      | Learned a level 2 spell: Blink
  4123 | D:4      | Noticed Natasha
  4128 | D:4      | Killed Natasha
  4164 | D:4      | Reached skill level 6 in Poison Magic
  4177 | D:4      | Reached XP level 7. HP: 33/57 MP: 10/10
  4181 | D:4      | Noticed Menkaure
  4194 | D:4      | Noticed Grinder
  4205 | D:4      | Noticed Natasha
  4219 | D:3      | Killed from afar by Natasha

Vault maps used:
D:1:      matt_arrival_refuge, roderic_st_hans_cross
D:2:      overflow_temple_1_default, makhleb_grotto_becter, first_ration,
          uniq_jessica
D:3:      portal_sewer_entry_c
D:4:      kennysheep_the_goblin_king, serial_shops, nicolae_shop_crystal,
          kennysheep_windowed_goal, uniq_grinder, uniq_duvessa, uniq_menkaure,
          uniq_natasha
Sewer:    sewer_the_crocodile

Skill      XL: |  1  2  3  4  5  6 |
---------------+-------------------+-----
Transmutations | 3 4 5 |  5.0
Stealth        | 1 |  1.1
Poison Magic   | 4 6 |  6.7
Fighting       | |  1.0
Dodging        | |  1.5
Unarmed Combat | |  3.0
Spellcasting   | |  2.0

Action                   |  1- 3 |  4- 6 |  7- 9 || total
-------------------------+-------+-------+-------++-------
Melee: Unarmed           |   117 |   272 |    11 ||   400
       Headbutt          |    12 |    19 |       ||    31
 Cast: Beastly Appendage |    21 |    29 |       ||    50
       Sticks to Snakes  |       |     5 |     1 ||     6
       Spider Form       |       |    12 |     1 ||    13
 Abil: Spit Poison       |       |     5 |       ||     5
  Use: Potion            |       |     1 |     1 ||     2
       Scroll            |       |     6 |       ||     6
 Stab: Sleeping          |       |     3 |       ||     3
  Eat: Chunk             |     1 |    10 |       ||    11
Armor: Robe              |    22 |    31 |       ||    53
       Skin              |       |    21 |     1 ||    22
Dodge: Dodged            |    71 |   161 |    33 ||   265

Table legend:
 A = Non-vault XP
 B = Vault XP
 C = Vault XP percentage of total XP
 D = Non-vault monster count
 E = Vault monster count
 F = Vault count percentage of total count
                 A         B        C        D         E       F
            +---------+---------+-------+---------+---------+-------
      Total |     399 |     251 |  38.6 |      83 |      17 |  17.0
            +---------+---------+-------+---------+---------+-------
        D:1 |      55 |      37 |  40.2 |      29 |       1 |   3.3
        D:2 |      77 |      28 |  26.7 |      25 |       1 |   3.8
        D:3 |      93 |      31 |  25.0 |      21 |       7 |  25.0
        D:4 |     174 |      37 |  17.5 |       8 |       2 |  20.0
      Sewer |       0 |     118 | 100.0 |       0 |       6 | 100.0
            +---------+---------+-------+---------+---------+-------
